 Dungeon Crawl Stone Soup version 0.17-a0-1793-gcbb3aa1 (webtiles) character file.

259 thrall606 the Skirmisher (level 5, 0/46 HPs)
             Began as a Demonspawn Abyssal Knight on Sept 9, 2015.
             Was a Believer of Lugonu.
             Slain by an ogre
             ... wielding a +0 giant club
              (2 damage)
             ... on level 4 of the Dungeon.
             The game lasted 00:11:33 (3522 turns).

thrall606 the Skirmisher (DsAK)                     Turns: 3522, Time: 00:11:33

Health: 0/46       AC: 16    Str: 13    XL:     5   Next: 94%
Magic:  0/7        EV:  8    Int: 15    God:    Lugonu [**....]
Gold:   147        SH:  0    Dex: 15    Spells: 0 memorised, 4 levels left

rFire  . . .     SeeInvis .     a - +2 falchion
rCold  . . .     Clarity  .     w - +0 plate armour
rNeg   . . .     SustAt   .     (no shield)
rPois  +         Gourm    .     e - +2 helmet
rElec  .         Spirit   +     l - +0 cloak
rCorr  .         Warding  .     (no gloves)
rMut   .         Stasis   +     C - +0 pair of boots
MR     .....                    n - amulet of stasis
Stlth  ..........               z - +4 ring of evasion
                                r - ring of poison resistance

@: not resistant to hostile enchantments, extremely unstealthy
A: talons 1, agile 1, clever 1, robust 1, magic shield, rot immunity
a: Depart the Abyss, Bend Space, Renounce Religion


You were on level 4 of the Dungeon.
You worshipped Lugonu.
Lugonu was pleased with you.
You were not hungry.

You visited 2 branches of the dungeon, and saw 5 of its levels.
You visited the Abyss 1 time.

You collected 147 gold pieces.

Inventory:

Hand weapons
 a - a +2 falchion (weapon)
Armour
 b - a +0 leather armour
 d - a +0 chain mail
 e - a +2 helmet (worn)
 f - a +0 ring mail
 k - a +1 helmet of intelligence
 l - a +0 cloak (worn)
 w - a +0 plate armour (worn)
 C - a +0 pair of boots (worn)
Jewellery
 n - an amulet of stasis (around neck)
 r - a ring of poison resistance (left hand)
 x - an uncursed amulet of the gourmand {unknown}
 z - a +4 ring of evasion (right hand)
Magical devices
 q - a wand of polymorph (11)
 s - a wand of paralysis (12)
 A - a wand of digging (9)
Scrolls
 g - 2 scrolls of remove curse
 m - 3 scrolls of identify
 o - a scroll of enchant weapon
 y - a scroll of noise {unknown}
Potions
 j - 3 potions of flight
 v - a potion of haste
Comestibles
 c - 2 bread rations
 h - 2 meat rations
 i - a beef jerky
 p - 2 fruits
 t - a slice of pizza
 B - a royal jelly


   Skills:
 + Level 4.1 Fighting
 + Level 2.7 Long Blades
 + Level 3.2 Armour
 + Level 2.6 Dodging
 + Level 3.4 Invocations


You had 4 spell levels left.
You didn't know any spells.

Dungeon Overview and Level Annotations

Branches:
Dungeon (4/15)             Temple (1/1) D:4

Altars:
Dithmenos
Elyvilon
Fedhas
Gozag
Kikubaaqudgha
Ru
Sif Muna
Trog
Xom
The Shining One


Innate Abilities, Weirdness & Mutations

You have sharp toenails.
When hurt, damage is shared between your health and your magic reserves.
You are immune to rotting.
You are agile. (Dex +2)
Your mind is acute. (Int +2)
You are robust (+10% HP).


Message History

Drink which item? (? for menu, Esc to quit)
Okay, then.
You completely miss the ogre.
The ogre is moderately wounded.
The ogre hits you with a giant club!!
* * * LOW HITPOINT WARNING * * *
You hit the ogre.
The ogre is moderately wounded.
The ogre closely misses you.
You hit the ogre.
The ogre is heavily wounded.
The ogre barely misses you.
You hit the ogre.
The ogre is heavily wounded.
The ogre hits you with a giant club.
* * * LOW HITPOINT WARNING * * *
You hit the ogre.
The ogre is heavily wounded.
The ogre hits you with a giant club.
You die...

##.§§§.# ##...## #.#.....##%#
#...§§.###.....###.#..##.##.#
#).....##.......##.#...#.##.#
##....#...........#.#.....##.#
####.......+.........'...........
.........###.........####....####
######.#.# ##.......## ##.#.# # #
####.#.# ##.....## ###.# # #
#......# ##.@.## #.# #
###.##.#########O## #.# #
.......##........# #.# #
###.#####.#####..# #.# # #.# #.#
#..## #.# # #.# #.#####...## #.#
#.# #.##.......## #.#
#.#####.#...#.....########
#.........#.#.............


You could see an ogre.

Vanquished Creatures
  A scorpion (D:4)
  An orc wizard (D:4)
  A giant frog skeleton (D:4)
  3 gnolls (D:4)
  6 adders
  An ooze (D:1)
  An adder skeleton (D:4)
  2 worms
  6 giant geckos
  4 orcs (D:4)
  6 bats
  3 giant cockroaches
  7 goblins
  A hobgoblin (D:1)
  3 jackals (D:3)
  A quokka (D:4)
  3 giant newts
  9 kobolds
  5 rats
64 creatures vanquished.

Notes
Turn   | Place    | Note
--------------------------------------------------------------
     0 | Abyss:1  | thrall606 the Demonspawn Abyssal Knight began the quest for the Orb.
     0 | Abyss:1  | Reached XP level 1. HP: 18/18 MP: 2/2
    52 | Abyss:1  | Noticed a wretched star
    52 | D:1      | Escaped the Abyss
   127 | D:1      | Gained mutation: When hurt, damage is shared between your health and your magic reserves. [demonic ancestry]
   127 | D:1      | Reached XP level 2. HP: 20/24 MP: 4/4
   258 | D:1      | Acquired Lugonu's first power
   258 | D:1      | Reached skill level 1 in Dodging
   916 | D:2      | Gained mutation: You have sharp toenails. [demonic ancestry]
   916 | D:2      | Reached XP level 3. HP: 29/29 MP: 5/5
  1219 | D:2      | Acquired Lugonu's second power
  1432 | D:2      | Reached XP level 4. HP: 33/36 MP: 6/6
  1461 | D:2      | Found a sacrificial altar of Ru.
  2351 | D:4      | Gained mutation: You are immune to rotting. [demonic ancestry]
  2351 | D:4      | Reached XP level 5. HP: 27/42 MP: 4/7
  2483 | D:4      | Found a staircase to the Ecumenical Temple.
  2492 | Temple   | Entered the Ecumenical Temple
  2725 | D:4      | Gained mutation: Your mind is acute. (Int +2) [potion of mutation]
  2725 | D:4      | Gained mutation: You are robust (+10% HP). [potion of mutation]
  2725 | D:4      | Gained mutation: You are agile. (Dex +2) [potion of mutation]
  2995 | D:4      | Reached skill level 4 in Fighting
  3494 | D:4      | Noticed an ogre
  3518 | D:4      | HP: 2/46 [ogre/giant club (16)]
  3522 | D:4      | Slain by an ogre

Vault maps used:
D:1:      elethiomel_arrival_infinity_welcomes_careful_drivers
D:2:      first_bread, nicolae_ru_the_path_less_chosen
D:3:      nicolae_overflow_hidden_temple
D:4:      minmay_temple_entry_purple_smoke
Temple:   chambers_temple_10

Action                   |  1- 3 |  4- 6 || total
-------------------------+-------+-------++-------
Melee: Falchion          |   141 |   151 ||   292
Invok: Depart the Abyss  |     1 |       ||     1
  Use: Scroll            |     4 |     3 ||     7
       Potion            |       |     3 ||     3
  Eat: Chunk             |     2 |     3 ||     5
       Bread ration      |       |     1 ||     1
